 Dungeon Crawl Stone Soup version 0.14-a0-181-gf6fe0c6 (webtiles) character file.

150 PolkaDot the Ruffian (level 3, -4/35 HPs)
             Began as a Troll Death Knight on Oct 6, 2013.
             Was a Follower of Yredelemnul.
             Slain by a gnoll
             ... wielding a +0,+0 flail
              (11 damage)
             ... on Level 2 of the Dungeon.
             The game lasted 00:02:26 (844 turns).

PolkaDot the Ruffian (Troll Death Knight)            Turns: 844, Time: 00:02:26

HP  -4/35        AC  5     Str 21      XL: 3   Next: 25%
MP   4/4         EV  9     Int  7      God: Yredelemnul [*.....]
Gold 112         SH  0     Dex 10      Spells:  0 memorised,  2 levels left

Res.Fire  : . . .   See Invis. : .     - Unarmed
Res.Cold  : . . .   Warding    : .   b - +0 robe
Life Prot.: . . .   Conserve   : .   (shield restricted)
Res.Poison: .       Res.Corr.  : .   (helmet restricted)
Res.Elec. : .       Clarity    : .   (no cloak)
Sust.Abil.: . .     Spirit.Shd : .   (gloves unavailable)
Res.Mut.  : .       Stasis     : .   (boots unavailable)
Res.Rott. : .       Flight     : .   (no amulet)
Gourmand  : +                        (no ring)
                                     (no ring)

@: not resistant to hostile enchantments, unstealthy
A: unfitting armour, claws 3, fast metabolism 3, gourmand, regeneration 2,
saprovore 2, tough skin 2, AC +1
a: Animate Remains, Renounce Religion


You were on level 2 of the Dungeon.
You worshipped Yredelemnul.
Yredelemnul was aware of your devotion.
You were full.

You visited 1 branch of the dungeon, and saw 2 of its levels.

You collected 92 gold pieces.

Inventory:

Armour
 b - a +0 robe (worn)
Comestibles
 a - 3 meat rations
 f - a royal jelly
 m - a slice of pizza
Scrolls
 h - a scroll of remove curse {unknown}
 j - a scroll of teleportation {unknown}
 l - a scroll of identify {unknown}
Potions
 c - a potion of slowing {unknown}
 d - a potion of restore abilities {unknown}
 e - a potion of curing {unknown}
 g - a potion of paralysis {unknown}
 i - a potion of heal wounds {unknown}
Books
 k - a book of Control

   Spells                             Type                      Level
   Control Teleport                   Charms/Translocation         4
   Control Undead                     Necromancy                   4
   Enslavement                        Hexes                        4
   Mass Confusion                     Hexes                        6
   Metabolic Englaciation             Hexes/Ice                    6


   Skills:
 - Level 1.5 Fighting
 - Level 1.2 Dodging
 + Level 3.7 Unarmed Combat
 - Level 2.4 Invocations


You had 2 spell levels left.
You didn't know any spells.

Dungeon Overview and Level Annotations

Branches:
Dungeon (2/27)

Altars:


Innate Abilities, Weirdness & Mutations

You are too large for most types of armour.
You have claws for hands.
Your metabolism is lightning-fast.
You like to eat raw meat.
You heal very quickly.
You can eat rotten meat.
You are covered in fur (AC +1).
You have very tough skin (AC +2).


Message History

You hit the gnoll.
The gnoll is severely wounded.
The gnoll barely misses you. The gnoll hits you with a spear!
* * * LOW HITPOINT WARNING * * *
You claw the gnoll!
The gnoll begins to bleed from its wounds!
The gnoll is almost dead.
The gnoll hits you but does no damage.
The gnoll hits you from afar with a spear.
* * * LOW HITPOINT WARNING * * *
You hit the gnoll.
You kill the gnoll!
Yredelemnul accepts your kill.
You have reached level 3!
Your experience leads to an increase in your attributes!
Increase (S)trength, (I)ntelligence, or (D)exterity?
You feel agile.
You feel stronger. The gnoll hits you with a flail!
You die...
Your body rises from the dead as a mindless zombie.

............#.......
##########.#...#...
########.....#.#.#.#...
.(............#.#.#.#...
.......$..........#.###.
................###(# .
.................#..(# .
.........#.......#.#<#
.......z@######..#.#.#
.......g)..............>.
.......g#######.....#.##
........# #.#.....#
........# .........
.......# ...........
......# ............
.....# ......... ..# ...


You could see 2 gnolls and a friendly kobold zombie.

Vanquished Creatures
  2 gnolls (D:2)
  A bat (D:1)
  3 goblins
  4 hobgoblins
  2 giant cockroaches
  2 giant newts
  4 kobolds
18 creatures vanquished.

Notes
Turn   | Place    | Note
--------------------------------------------------------------
     0 | D:1      | PolkaDot, the Troll Death Knight, began the quest for the Orb.
     0 | D:1      | Reached XP level 1. HP: 20/20 MP: 2/2
   298 | D:1      | Reached XP level 2. HP: 28/28 MP: 2/2
   732 | D:2      | Reached skill level 3 in Unarmed Combat
   844 | D:2      | Reached XP level 3. HP: 6/35 MP: 4/4
   844 | D:2      | Slain by a gnoll

Action                   || total
-------------------------++-------
Melee: Unarmed           ||    44
Invok: Animate Remains   ||     2
